 Dungeon Crawl Stone Soup version 0.16-a0-3940-gf8a207b (console) character file.

399 MarvinPA the Cudgeler (level 6, 0/44 HPs)
             Began as a Mummy Skald on Feb 7, 2015.
             Was an Initiate of Gozag.
             Slain by a sky beast (6 damage)
             ... on level 5 of the Dungeon.
             The game lasted 00:12:44 (6225 turns).

MarvinPA the Cudgeler (Mummy Skald)                 Turns: 6225, Time: 00:12:45

Health: 0/44       AC:  7    Str: 15    XL:     6   Next: 53%
Magic:  12/19      EV: 11    Int: 13    God:    Gozag
Gold:   50         SH:  0    Dex: 11    Spells: 4 memorised, 1 level left

rFire  x . .     SeeInvis .     a - +1 flail
rCold  + . .     Clarity  .     b - +0 leather armour
rNeg   + + +     SustAb   .     (no shield)
rPois  ∞         Gourm    .     (no helmet)
rElec  .         Spirit   .     g - +2 cloak
rCorr  .         Warding  .     n - +0 pair of gloves
rMut   .         Stasis   .     (no boots)
MR     .....                    (no amulet)
Stlth  +.........               i - ring of magical power
                                f - ring of invisibility

@: shrouded (expiring), infused, very slightly contaminated, not resistant to
hostile enchantments, very unstealthy
A: no food or potions, fire vulnerability, restore body, cold resistance 1,
negative energy resistance 3, poison resistance, torment resistance, unbreathing
a: Potion Petition, Call Merchant, Bribe Branch, Renounce Religion, Evoke
Invisibility


You were on level 5 of the Dungeon.
You worshipped Gozag.
Gozag was noncommittal.
You were not hungry.

You visited 2 branches of the dungeon, and saw 6 of its levels.

You collected 167 gold pieces.
You paid 117 gold pieces to Gozag.


Innate Abilities, Weirdness & Mutations

You do not eat or drink.
Your flesh is vulnerable to fire.
Your flesh is cold resistant.
You are immune to negative energy.
Your system is resistant to poisons.
You are immune to unholy pain and torment.
You can survive without breathing.


   Skills:
 - Level 2.0 Fighting
 - Level 5.9 Maces & Flails
 - Level 0.7 Armour
 - Level 0.7 Dodging
 + Level 2.0 Spellcasting
 + Level 2.4 Charms


You had one spell level left.
You knew the following spells:

 Your Spells              Type           Power        Failure   Level  Hunger
a - Shroud of Golubria    Chrm/Tloc      #.........   30%         2    N/A
c - Spectral Weapon       Hex/Chrm       #.......     65%         3    N/A
x - Song of Slaying       Chrm           #.......     21%         2    N/A
z - Infusion              Chrm           #.....       14%         1    N/A

Inventory:

Hand weapons
 a - a +1 flail (weapon)
Missiles
 d - 4 poisoned needles
 e - 79 stones (quivered)
 h - 5 steel tomahawks
 l - 8 javelins
Armour
 b - a +0 leather armour (worn)
 g - a +2 cloak (worn)
 n - a +0 pair of gloves (worn)
Jewellery
 f - a ring of invisibility (left hand)
 i - a ring of magical power (right hand)
 j - a ring of teleportation
Magical devices
 o - a wand of flame (15)
 p - a wand of digging (0)
Scrolls
 k - a scroll of amnesia
 m - a scroll of identify {@r1}
 q - a scroll of recharging {unknown}
 r - a scroll of remove curse
 s - a scroll of enchant weapon
Books
 c - a book of Battle

Dungeon Overview and Level Annotations

Branches:
Dungeon (5/15)             Temple (1/1) D:5

Altars:
Ashenzari
Cheibriados
Dithmenos
Elyvilon
Gozag
Kikubaaqudgha
Makhleb
Okawaru
Qazlal
Sif Muna
Trog
Vehumet
Xom
The Shining One

Annotations:
D:2 Sigmund
D:4 Dowan, Duvessa

......#.##.#.#...##.#
......#.##.#........#
##..........#.###..###
.........########..#
.........##.......>#
.....##+#..........###
### #.#%.........'.# _
#.#.........(#.#
#.#M........)#.#
#c{7.........#.#
####..........#.#
#..'..........#.#
####..^...)...#.#
####..........#.#
#.............#.#
#.#############.# #.#
#.#####


You could see a centaur and a friendly spectral flail.


Message History

You see here an arrow.
Cast which spell?
You draw out your weapon's spirit!
The centaur moves out of view.
The sky beast misses you.
Cast which spell?
You begin infusing your attacks with magical energy.
The sky beast closely misses you.
Cast which spell?
Space distorts slightly along a thin shroud covering your body.
The sky beast hits you but does no damage.
You barely miss the sky beast.
Your spectral weapon barely misses the sky beast.
The sky beast flickers out of sight!
Deactivating autopickup; reactivate with Ctrl-A.
Something hits you. Something shocks you.
* * * LOW HITPOINT WARNING * * *
You closely miss something.
Your shroud begins to fray at the edges.
Something barely misses you. Something hits you but does no damage.
You thump something!
The centaur shoots an arrow.
The arrow hits you!
* * * LOW HITPOINT WARNING * * *
Something hits you but does no damage.
You hit something but do no damage.
The centaur shoots an arrow.
The arrow hits you.
* * * LOW HITPOINT WARNING * * *
Something hits you.
* * * LOW HITPOINT WARNING * * *
Something shocks you.
You die...
Your body crumbles into a pile of gold.

Action                   |  1- 3 |  4- 6 || total
-------------------------+-------+-------++-------
Melee: Mace              |   128 |   161 ||   289
       Flail             |       |    71 ||    71
Throw: Stone             |    73 |   102 ||   175
 Cast: Infusion          |     5 |    15 ||    20
       Shroud of Golubri |     1 |    13 ||    14
       Song of Slaying   |       |     2 ||     2
       Spectral Weapon   |       |     2 ||     2
  Use: Scroll            |     4 |     3 ||     7

Vault maps used:
D:1:      mrwooster_arrival_statue, minmay_door_square, solitary_fountain,
          roderic_whirl
D:2:      overflow_temple_1_default, uniq_sigmund
D:3:      uniq_natasha
D:4:      kennysheep_generic_room_6, uniq_duvessa
D:5:      kennysheep_mini_moat, nicolae_overflow_hidden_temple,
          minmay_temple_entry_large_hall, first_bread
Temple:   nicolae_temple_x_marks_the_god

Notes
Turn   | Place    | Note
--------------------------------------------------------------
     0 | D:1      | MarvinPA, the Mummy Skald, began the quest for the Orb.
     0 | D:1      | Reached XP level 1. HP: 16/16 MP: 3/3
   129 | D:1      | Reached skill level 2 in Maces & Flails
   296 | D:1      | Reached XP level 2. HP: 22/22 MP: 4/4
  1149 | D:1      | HP: 2/22 [giant gecko (1)]
  1679 | D:1      | Reached XP level 3. HP: 27/27 MP: 6/6
  1767 | D:1      | Learned a level 2 spell: Shroud of Golubria
  1996 | D:1      | Reached skill level 3 in Maces & Flails
  2286 | D:2      | Noticed Sigmund
  2518 | D:2      | Found an iron altar of Okawaru.
  2672 | D:2      | Reached XP level 4. HP: 18/33 MP: 3/7
  3586 | D:3      | Reached skill level 4 in Maces & Flails
  3634 | D:3      | Learned a level 3 spell: Spectral Weapon
  4065 | D:3      | Noticed Natasha
  4078 | D:3      | Killed Natasha
  4078 | D:3      | Reached XP level 5. HP: 25/38 MP: 9/9
  4246 | D:3      | Noticed Natasha
  4252 | D:3      | Killed Natasha
  4491 | D:3      | Noticed Natasha
  4494 | D:3      | Killed Natasha
  4890 | D:3      | Learned a level 2 spell: Song of Slaying
  4906 | D:4      | Reached skill level 5 in Maces & Flails
  4988 | D:4      | Noticed Dowan
  4992 | D:4      | Noticed Duvessa
  5205 | D:4      | Got a crystal whip
  5420 | D:5      | Entered Level 5 of the Dungeon
  5682 | D:5      | Reached XP level 6. HP: 42/44 MP: 10/10
  5714 | D:5      | Found a staircase to the Ecumenical Temple.
  5729 | Temple   | Entered the Ecumenical Temple
  5799 | Temple   | Became a worshipper of Gozag Ym Sagoz the Greedy
  5860 | D:5      | Noticed a centaur
  5883 | D:5      | Killed a centaur
  6185 | D:5      | Found a burning altar of Makhleb.
  6215 | D:5      | Noticed a centaur
  6225 | D:5      | Slain by a sky beast

Vanquished Creatures
  A centaur (D:5)
  A crimson imp (D:5)
  An orc priest (D:3)
  Natasha (thrice) (D:3)
  2 worker ants
  7 adders
  A shadow imp (D:4)
  2 worms (D:3)
  7 giant geckos
  An ooze (D:1)
  6 orcs
  A ball python (D:1)
  7 bats
  A giant cockroach (D:3)
  9 goblins
  9 hobgoblins
  8 giant newts
  5 jackals (D:1)
  9 kobolds
  2 quokkas
  8 rats
91 creatures vanquished.
